 Dungeon Crawl Stone Soup version 0.30-a0-779-g7971cf19c3 (webtiles) character file.

Game seed: 18346906023192447337

266 Esekla the Covert (level 6, 36/43 HPs)
             Began as an Octopode Delver on Feb 17, 2023.
             Quit the game on level 5 of the Dungeon.
             The game lasted 00:05:51 (812 turns).

Esekla the Covert (Octopode Delver)                  Turns: 812, Time: 00:05:52

Health: 36/43      AC:  1    Str: 11    XL:     6   Next: 20%
Magic:  7/7        EV: 29    Int: 14    God:
Gold:   13         SH:  0    Dex: 14    Spells: 7/7 levels left

rFire   . . .      SeeInvis .    a - +0 falchion
rCold   . . .      Faith    .    (no shield)
rNeg    . . .      Spirit   .    (helmet restricted)
rPois   .          Reflect  .    c - amulet of the acrobat
rElec   .          Harm     .    (no ring)
rCorr   .          Rampage  .    (no ring)
Will    .....                    (no ring)
Stlth   +++++                    (no ring)
HPRegen 0.27/turn                (no ring)
MPRegen 0.10/turn                (no ring)
                                 (no ring)
                                 (no ring)

@: acrobatic
A: almost no armour, amphibious, 8 rings, camouflage 1, gelatinous body 1,
(nimble swimmer 1), tentacles
a: no special abilities


You were on level 5 of the Dungeon.
You visited 1 branch of the dungeon, and saw 1 of its levels.

You collected 13 gold pieces.

Inventory:

Hand Weapons
 a - a +0 falchion (weapon)
 i - a +0 dagger
Missiles
 j - 2 boomerangs (quivered)
Jewellery
 c - an amulet of the acrobat (around mantle)
Wands
 f - a wand of digging (3)
Scrolls
 d - a scroll of fear
Potions
 e - a potion of heal wounds
 g - a potion of attraction {unknown}


   Skills:
 * Level 3.8 Fighting
 * Level 3.4 Long Blades
 * Level 3.1 Dodging
 + Level 8.4 Stealth
 * Level 1.3 Spellcasting


You had 7 spell levels left.
You didn't know any spells.
Your spell library was empty.

Dungeon Overview and Level Annotations

Branches:
Dungeon (5/15)
 Temple: D:4-7

Altars:
Sif Muna
Uskayaw
Wu Jian

Annotations:
D:5 Menkaure


Innate Abilities, Weirdness & Mutations

You cannot wear most types of armour.
You are amphibious.
You can wear up to eight rings at the same time.
Your skin changes colour to match your surroundings (Stealth+).
Your rubbery body absorbs attacks. (AC +1, EV +1)
((You are camouflaged when in or above water. (Stealth+)))
You have tentacles for arms and can constrict up to eight enemies at once.


Message History

The adder misses you.
You closely miss the adder. Your grab misses the adder.
Your squeeze misses the adder.
You feel sick. The adder bites you but does no damage. The adder bites you.
You hit the adder. You grab the adder.
The adder is moderately wounded.
You constrict the adder.
You feel sick.
You are no longer poisoned.
The adder bites you.
You are poisoned.
The adder poisons you!
You hit the adder. You squeeze the adder.
You kill the adder!
You feel sick.
You feel sick.
You feel sick.
You are no longer poisoned.
You start resting.
HP restored.
You see here an adder corpse.
An orc wizard comes into view. It is wielding a +0 dagger.
The orc wizard moves out of view.
You start waiting.
Menkaure is nearby!
A scorpion comes into view.
You start waiting.
An orc wizard is nearby!
You start waiting.
Done waiting.
Found an ornate altar of the Wu Jian Council.
Found a book of Vapours.
A centaur comes into view.
The centaur shouts!
The centaur wields a +0 shortbow.
The centaur shoots an arrow.
The arrow completely misses you.
As you read the scroll of fog, it crumbles to dust.
The scroll dissolves into smoke.
The centaur shoots an arrow.
The arrow hits you!
Found a shimmering blue altar of Sif Muna.
Are you sure you want to abandon this character and quit the game? (Confirm with "yes".)

....#.# **,,,,,**
......#######*8.....8*
....#.......##*..^..#*
)...#####....#*8...8*
....###......#*##_##*
#.###.....#########* #.##..#..##
*,...** #.##.##†## **#.##
#..#....# #@.# ##...#### ##.#
....<# #.#####******* .#..###
##§§...##,,,,,** ..#...#
##§§§......,,,,,** ......#
#§§§§......,,,,,,* ......#
#§§§.......,,,,,,*
#.##..#########..........,,,,,,*
#.##......#..............,,,,,,*


There were no monsters in sight!

Vanquished Creatures
  2 scorpions (D:5)
  A hound (D:5)
  2 orc priests (D:5)
  An orc wizard (D:5)
  2 adders (D:5)
  A shadow imp (D:5)
  7 orcs (D:5)
16 creatures vanquished.

Notes
Turn   | Place    | Note
-------+----------+-------------------------------------------
     0 | D:5      | Esekla the Octopode Delver began the quest for the Orb.
     0 | D:5      | Reached XP level 1. HP: 16/16 MP: 1/1
    34 | D:5      | Noticed a scorpion
    60 | D:5      | Noticed an orc priest
    61 | D:5      | Noticed a phantom
    70 | D:5      | Reached XP level 2. HP: 6/21 MP: 2/2
   194 | D:5      | Reached skill level 7 in Stealth
   194 | D:5      | Reached XP level 3. HP: 20/26 MP: 2/4
   254 | D:5      | Reached XP level 4. HP: 23/31 MP: 5/5
   303 | D:5      | Found a hide-covered altar of Uskayaw.
   343 | D:5      | Noticed a scorpion
   358 | D:5      | Killed a scorpion
   359 | D:5      | Reached skill level 8 in Stealth
   359 | D:5      | Reached skill level 1 in Spellcasting
   359 | D:5      | Reached XP level 5. HP: 12/36 MP: 6/6
   450 | D:5      | Noticed an ice beast
   509 | D:5      | Reached XP level 6. HP: 26/43 MP: 7/7
   567 | D:5      | Noticed Menkaure
   785 | D:5      | Found an ornate altar of the Wu Jian Council.
   811 | D:5      | Found a shimmering blue altar of Sif Muna.
   812 | D:5      | Quit the game

Illustrated notes

Levels and vault maps discovered:
D:5:      layout_rooms, mainiacjoe_overflow_cross_hatched,
          nicolae_overflow_hidden_temple, kennysheep_little_box, uniq_eustachio,
          uniq_menkaure

Skill      XL: |  1  2  3  4  5 |
---------------+----------------+-----
Stealth        | 7 8 |  8.4
Dodging        | 3 |  3.1
Spellcasting   | 1 |  1.3
Long Blades    | 3 |  3.4
Fighting       | |  3.8

Action                     |  1- 3 |  4- 6 || total
---------------------------+-------+-------++-------
  Melee: Falchion          |    23 |    31 ||    54
         Constrict         |     7 |     7 ||    14
         Tentacles         |     5 |     9 ||    14
  Throw: Boomerang         |       |     3 ||     3
    Use: Scroll            |     1 |     1 ||     2
         Potion            |       |     2 ||     2
 Armour: Skin              |       |     1 ||     1
  Dodge: Dodged            |    12 |    16 ||    28

Table legend: (Time is in decaauts)
 A = Elapsed time spent in this place.
 B = Non-inter-level travel time spent in this place.
 C = Inter-level travel time spent in this place.
 D = Time resting spent in this place.
 E = Time spent auto-exploring this place.
 F = Levels seen in this place.
 G = Mean time per level.
                   A        B        C        D        E       F      G
               +--------+--------+--------+--------+--------+-----+--------+
         Total |    803 |    803 |      0 |    377 |      0 |   1 |  803.0 |
       Dungeon |    803 |    803 |      0 |    377 |      0 |   1 |  803.0 |
               +--------+--------+--------+--------+--------+-----+--------+

Top non-repeatable levels by time:
     D:5: 803 daAuts
